 Dungeon Crawl Stone Soup version 0.29.1-1-gd02db6906a (webtiles) character file.

Game seed: 16911959235091936501

123 LustLizard the Sneak (level 4, 0/23 HPs)
             Began as a Spriggan Arcane Marksman on Sept 21, 2022.
             Slain by an orc
             ... wielding a +1 dagger of venom
              (5 damage)
             ... on level 3 of the Dungeon.
             The game lasted 00:07:48 (3230 turns).

LustLizard the Sneak (Spriggan Arcane Marksman)     Turns: 3230, Time: 00:07:50

Health: 0/23       AC:  2    Str:  6    XL:     4   Next: 79%
Magic:  7/7        EV: 17    Int: 14    God:
Gold:   106        SH:  0    Dex: 17    Spells: 4/5 levels left

rFire   . . .      SeeInvis +   a - +1 sling
rCold   . . .      Faith    .   (no shield)
rNeg    . . .      Spirit   .   c - +0 robe
rPois   .          Reflect  .   (helmet restricted)
rElec   .          Harm     .   (no cloak)
rCorr   .          Rampage  .   (gloves unavailable)
Will    .....                   (boots unavailable)
Stlth   +++.......              (no amulet)
HPRegen 0.07/turn               (no ring)
MPRegen 0.10/turn               (no ring)

@: lethally poisoned (0 -> -5), very quick
A: very small, no large weapons, unfitting armour, see invisible, speed 3
a: no special abilities


You were on level 3 of the Dungeon.
You visited 1 branch of the dungeon, and saw 3 of its levels.

You collected 106 gold pieces.

Inventory:

Hand Weapons
 a - a +1 sling (weapon)
Armour
 c - a +0 robe (worn)
Jewellery
 s - an amulet of the acrobat
Scrolls
 b - 2 scrolls of poison
 d - 2 scrolls of identify {unknown}
 e - 2 scrolls of noise {unknown}
 f - a scroll of summoning {unknown}
 i - a scroll of blinking {unknown}
 j - a scroll of magic mapping {unknown}
 k - a scroll of enchant armour {unknown}
 l - 4 scrolls of vulnerability {unknown}
 m - a scroll of teleportation {unknown}
 p - a scroll of torment {unknown}
 q - 2 scrolls of immolation {unknown}
 t - a scroll of butterflies {unknown}
 u - a scroll of enchant weapon {unknown}
Potions
 g - a potion of attraction {unknown}
 h - 2 potions of curing {unknown}
 n - 2 potions of berserk rage {unknown}
 o - a potion of flight {unknown}
 r - 3 potions of degeneration {unknown}


   Skills:
 + Level 1.7 Fighting
 * Level 3.5 Ranged Weapons
 - Level 2.6 Dodging
 * Level 4.4 Stealth
 - Level 1.3 Spellcasting
 - Level 3.6 Hexes


You had 4 spell levels left.
You knew the following spells:

 Your Spells              Type           Power      Damage    Failure   Level
a - Slow                  Hex            44%        N/A       6%          1

Your spell library contained the following spells:

 Spells                   Type           Power      Damage    Failure   Level
 Inner Flame              Hex/Fire       6%         N/A       36%         3
 Portal Projectile        Hex/Tloc       12%        N/A       36%         3
 Cause Fear               Hex            5%         N/A       50%         4


Dungeon Overview and Level Annotations

Branches:
Dungeon (3/15)

Altars:

Shops:
D:3 ([


Innate Abilities, Weirdness & Mutations

You are very small and have problems with some larger weapons.
You are too small for most types of armour.
You have supernaturally acute eyesight. (SInv)
You cover ground extremely quickly. (Speed+++)


Message History

The sling bullet hits the orc.
The orc is almost dead.
You shoot a sling bullet.
The sling bullet hits the orc but does no damage.
The orc is lightly wounded.
You shoot a sling bullet. The sling bullet hits the orc.
The orc is heavily wounded.
You shoot a sling bullet. The sling bullet barely misses the orc.
The sling bullet hits the orc.
You kill the orc!
You shoot a sling bullet. The sling bullet barely misses the orc.
You shoot a sling bullet.
The sling bullet hits the orc but does no damage.
The orc is heavily wounded.
The orc closely misses you.
You hear the rusting of a very distant drain.
You shoot a sling bullet. The sling bullet hits the orc.
You kill the orc!
You shoot a sling bullet.
The sling bullet closely misses the orc.
You shoot a sling bullet. The sling bullet hits the orc.
The orc is heavily wounded.
You shoot a sling bullet.
The sling bullet hits the orc but does no damage.
The orc is heavily wounded.
You shoot a sling bullet. The sling bullet barely misses the orc.
You shoot a sling bullet. The sling bullet barely misses the orc.
You shoot a sling bullet.
The sling bullet hits the orc but does no damage.
The orc is heavily wounded.
The orc hits you with a +1 dagger of venom.
You are poisoned.
You shoot a sling bullet. The sling bullet barely misses the orc.
The sling bullet hits the orc.
The orc is moderately wounded.
You feel sick.
The orc hits you with a +1 dagger of venom.
* * * LOW HITPOINT WARNING * * *
The orc hits you with a +1 dagger of venom.
You die...

....'..).......#.# ..#
....#...<.#.#..#.# ..#
....#.....#.#..#.#
....#.....#.#..#.#
....#.....#.#..#o# ###
....#.....#.#..#.#...
##'##.....#.#..#)#.###
..........#.#...o....#
........#.#.#.##@#.#.#
.#.##.###.#.#....#.#
.#.##.###.#.#......#
..........#.#.######
.#.........^#.#
.####.#######.#
.####.## #.# .......#
#.# .#####.######.#


You could see 2 orcs.

Vanquished Creatures
  6 adders
  2 worms (D:2)
  A dart slug (D:1)
  8 orcs (D:3)
  4 bats
  4 endoplasms
  4 goblins
  6 hobgoblins
  6 kobolds
  5 ball pythons
  3 frilled lizards
  4 rats
53 creatures vanquished.

Notes
Turn   | Place    | Note
-------+----------+-------------------------------------------
     0 | D:1      | LustLizard the Spriggan Arcane Marksman began the quest for
                  | the Orb.
     0 | D:1      | Reached XP level 1. HP: 9/9 MP: 3/3
    75 | D:1      | Found a faded altar of an unknown god.
   351 | D:1      | Reached skill level 1 in Stealth
   413 | D:1      | Reached skill level 1 in Fighting
   435 | D:1      | Reached XP level 2. HP: 8/14 MP: 5/5
   593 | D:1      | Reached skill level 2 in Stealth
  1450 | D:1      | Reached XP level 3. HP: 16/18 MP: 6/6
  1535 | D:2      | Reached skill level 3 in Stealth
  2352 | D:2      | Reached XP level 4. HP: 9/22 MP: 7/7
  2888 | D:3      | Reached skill level 4 in Stealth
  2970 | D:3      | Found Ceantes's Antique Armour Boutique.
  3012 | D:3      | Found Nuti's Weapon Emporium.
  3230 | D:3      | Slain by an orc

Illustrated notes

Levels and vault maps discovered:
D:1:      scummos_arrival_hexagon, layout_basic, ebering_ecumenical_altar_rust,
          serial_co_window_serial, co_window_of_opportunity_a,
          co_window_corner_a, co_window_corner_a, co_window_paths_a,
          co_window_paths_a, co_window_corner_b, co_window_corner_b,
          co_window_of_opportunity_c, co_window_cross_2, co_window_corner_ca,
          co_window_2corner, co_window_cross_3, co_window_paths_e,
          glass_columns_b, glass_columns_b, glass_columns_b, hex_medium
D:2:      layout_rooms, serial_rivers, chequers_serial_rivers_micro_e,
          chequers_serial_rivers_small_3, chequers_serial_rivers_micro_d,
          chequers_serial_rivers_small_a, chequers_serial_rivers_marsh,
          minmay_distorted
D:3:      layout_basic, portal_sewer_entry_b, serial_shops,
          nicolae_diamond_shop, nicolae_shop_hallway_plus

Skill      XL: |  1  2  3  4 |
---------------+-------------+-----
Stealth        | 1 2 3 4 |  4.4
Fighting       | 1 |  1.7
Ranged Weapons | 3 |  3.5
Dodging        | |  2.6
Spellcasting   | |  1.3
Hexes          | |  3.6

Action                   |  1- 3 |  4- 6 || total
-------------------------+-------+-------++-------
 Fire: Sling             |   138 |    83 ||   221
Armor: Robe              |     5 |     8 ||    13
Dodge: Dodged            |    50 |    22 ||    72
